 Dungeon Crawl Stone Soup version 0.27-a0-1189-gb8eb6cee8e (webtiles) character file.

Game seed: 16905433151126344398

40 Conn the Firebug (level 3, -2/21 HPs)
             Began as an Octopode Fire Elementalist on May 23, 2021.
             Slain by a phantom (5 damage)
             ... on level 1 of the Dungeon.
             The game lasted 00:04:49 (1700 turns).

Conn the Firebug (Octopode Fire Elementalist)       Turns: 1700, Time: 00:04:49

Health: -2/21      AC:  1    Str:  7    XL:     3   Next: 50%
Magic:  0/6        EV: 17    Int: 18    God:
Gold:   93         SH:  0    Dex: 12    Spells: 2/6 levels left

rFire    . . .     SeeInvis .   f - +0 short sword
rCold    . . .     Faith    .   (no shield)
rNeg     . . .     Spirit   .   (helmet restricted)
rPois    .         Reflect  .   (no amulet)
rElec    .         Harm     .   a - +4 ring of evasion
rCorr    .         Rampage  .   (no ring)
Will     .....                  (no ring)
Stlth    +++.......             (no ring)
HPRegen  0.07/turn              (no ring)
MPRegen  0.10/turn              (no ring)
                                (no ring)
                                (no ring)

@: very slightly contaminated
A: almost no armour, amphibious, 8 rings, camouflage 1, gelatinous body 1,
(nimble swimmer 1), tentacles
a: no special abilities


You were on level 1 of the Dungeon.
You visited 1 branch of the dungeon, and saw 2 of its levels.

You collected 93 gold pieces.

Inventory:

Hand Weapons
 f - a +0 short sword (weapon)
Missiles
 e - 17 sling bullets
Jewellery
 a - a +4 ring of evasion (left tentacle)
Scrolls
 b - a scroll of identify {unknown}
 g - a scroll of blinking {unknown}
Potions
 c - a potion of experience {unknown}
 d - 2 potions of curing
 h - a potion of attraction {unknown}
 i - a potion of might {unknown}


   Skills:
 + Level 2.2 Dodging
 + Level 3.2 Stealth
 + Level 2.4 Spellcasting
 + Level 1.2 Conjurations
 + Level 3.6 Fire Magic


You had 2 spell levels left.
You knew the following spells:

 Your Spells              Type           Power      Damage    Failure   Level
a - Foxfire               Conj/Fire      44%        2x1d6     6%          1
b - Conjure Flame         Conj/Fire      11%        6-21      19%         3

Your spell library contained the following spells:

 Spells                   Type           Power      Damage    Failure   Level
 Inner Flame              Hex/Fire       8%         N/A       24%         3
 Sticky Flame             Conj/Fire      11%        2d3       54%         4
 Fireball                 Conj/Fire      5%         3d5       87%         5


Dungeon Overview and Level Annotations

Branches:
Dungeon (2/15)

Altars:
Makhleb


Innate Abilities, Weirdness & Mutations

You cannot wear most types of armour.
You are amphibious.
You can wear up to eight rings at the same time.
Your skin changes colour to match your surroundings (Stealth+).
Your rubbery body absorbs attacks. (AC +1, EV +1)
((You are camouflaged near water. (Stealth+)))
You have tentacles for arms and can constrict up to eight enemies at once.


Message History

The phantom is almost destroyed.
The phantom hits you.
The phantom blinks!
You blink.
Your magical contamination has completely faded away.
You closely miss the phantom.
The phantom is almost destroyed.
The phantom hits you.
* * * LOW HITPOINT WARNING * * *
It was a potion of curing.
You feel better. The phantom hits you.
Casting: Foxfire (safe; 6% risk of failure)
Confirm with . or Enter, or press ? or * to list all spells.
You conjure some foxfire!
The phantom misses you.
The foxfire hits the phantom.
The phantom is severely damaged.
The foxfire hits the phantom but does no damage.
The phantom is severely damaged.
The phantom barely misses you.
Casting: Foxfire (safe; 6% risk of failure)
Confirm with . or Enter, or press ? or * to list all spells.
You conjure some foxfire!
The phantom misses you.
The foxfire hits the phantom.
The phantom is almost destroyed.
The foxfire hits the phantom but does no damage.
The phantom is almost destroyed.
The phantom misses you.
Casting: Foxfire (safe; 6% risk of failure)
Confirm with . or Enter, or press ? or * to list all spells.
You miscast Foxfire.
You are very lightly contaminated with residual magic.
Nothing appears to happen.
The phantom completely misses you.
Casting: Foxfire (safe; 6% risk of failure)
Confirm with . or Enter, or press ? or * to list all spells.
You conjure some foxfire!
The phantom hits you!
* * * LOW HITPOINT WARNING * * *
The phantom blinks!
You blink.
The foxfire hits the phantom but does no damage.
The phantom is severely damaged.
The foxfire hits the phantom.
The phantom is almost destroyed.
The phantom hits you.
You die...

#.†.............#
#.#############.# #.#
#.#### #.# #....#
#.################.#
#.#.............##.#
#.#.###########....#
#....W################
####..@.§..............
#####......§§..............
#..........###########.####
#.##..........#............
#..........#..#.###########
#..#####...#..#.#..........
##.#(#.#..##....#.####.####
#.#[..#.....##.#.#.......#
#.....#..#####.#.#.#####.#


You could see a phantom.

Vanquished Creatures
  3 dart slugs (D:1)
  2 bats (D:1)
  3 endoplasms
  A giant cockroach (D:1)
  2 goblins
  5 hobgoblins
  3 kobolds (D:1)
  2 quokkas
  3 ball pythons (D:1)
  3 frilled lizards (D:1)
  5 rats
32 creatures vanquished.

Vanquished Creatures (others)
  99 foxfires
99 creatures vanquished.

Grand Total: 131 creatures vanquished

Notes
Turn   | Place    | Note
-------+----------+-------------------------------------------
     0 | D:1      | Conn the Octopode Fire Elementalist began the quest for the
                  | Orb.
     0 | D:1      | Reached XP level 1. HP: 11/11 MP: 3/3
   461 | D:1      | Reached XP level 2. HP: 17/17 MP: 3/5
   792 | D:1      | Reached XP level 3. HP: 21/21 MP: 2/6
   945 | D:1      | Found a faded altar of an unknown god.
  1422 | D:2      | Noticed a phantom
  1524 | D:1      | Learned a level 3 spell: Conjure Flame
  1568 | D:2      | Found a burning altar of Makhleb.
  1700 | D:1      | Slain by a phantom

Illustrated notes

Levels and vault maps discovered:
D:1:      matt_arrival_refuge, layout_basic, basic_ecumenical_altar,
          minmay_split_cup_large
D:2:      cheibrodos_helix_gallery, layout_loops_ring, basic_altar

Skill      XL: |  1 |
---------------+----+-----
Stealth        | 3 |  3.2
Dodging        | |  2.2
Spellcasting   | |  2.4
Conjurations   | |  1.2
Fire Magic     | |  3.6

Action                   || total
-------------------------++-------
Melee: Unarmed           ||     8
       Constrict         ||     5
       Tentacles         ||     4
       Short sword       ||    15
 Cast: Foxfire           ||    54
  Use: Potion            ||     1
 Stab: Sleeping          ||     3
Armor: Skin              ||     3
Dodge: Dodged            ||    36

Table legend: (Time is in decaauts)
 A = Elapsed time spent in this place.
 B = Non-inter-level travel time spent in this place.
 C = Inter-level travel time spent in this place.
 D = Time resting spent in this place.
 E = Time spent auto-exploring this place.
 F = Levels seen in this place.
 G = Mean time per level.
                   A        B        C        D        E       F      G
               +--------+--------+--------+--------+--------+-----+--------+
         Total |   1701 |   1685 |     16 |     40 |   1046 |   2 |  850.5 |
       Dungeon |   1701 |   1685 |     16 |     40 |   1046 |   2 |  850.5 |
               +--------+--------+--------+--------+--------+-----+--------+

Top non-repeatable levels by time:
     D:1: 1513 daAuts
     D:2: 188 daAuts
